 Dungeon Crawl Stone Soup version 0.22-a0-247-gbddf880757 (webtiles) character file.

51 RedPan the Slasher (level 3, -4/29 HPs)
             Began as a Demonspawn Monk on Feb 24, 2018.
             Killed by divine providence
             ... invoked by an orc priest
              (16 damage)
             ... on level 2 of the Dungeon.
             The game lasted 00:02:14 (1209 turns).

RedPan the Slasher (Demonspawn Monk)                Turns: 1209, Time: 00:02:15

Health: -4/29      AC:  5    Str: 12    XL:     3   Next: 57%
Magic:  0/3        EV: 11    Int: 11    God:
Gold:   74         SH:  4    Dex: 17    Spells: 2/2 levels left

rFire    . . .     SeeInvis .   a - +1 falchion
rCold    . . .     Gourm    .   p - +0 buckler
rNeg     . . .     Faith    .   h - +0 ring mail
rPois    .         Spirit   +   (no helmet)
rElec    .         Reflect  .   (no cloak)
rCorr    .         Harm     .   (no gloves)
MR       .....                  (no boots)
Stlth    +.........             (no amulet)
HPRegen  0.09/turn              g - +2 ring of dexterity
MPRegen  0.08/turn              b - +3 ring of slaying

@: no status effects
A: magic shield
a: no special abilities


You were on level 2 of the Dungeon.
You were not hungry.

You visited 1 branch of the dungeon, and saw 2 of its levels.

You collected 74 gold pieces.

Inventory:

Hand Weapons
 a - a +1 falchion (weapon)
Armour
 h - a +0 ring mail (worn)
 p - a +0 buckler (worn)
Jewellery
 b - a +3 ring of slaying (right hand)
 g - a +2 ring of dexterity (left hand)
Scrolls
 f - a scroll of fear
 i - a scroll of enchant armour {unknown}
 j - a scroll of remove curse
 n - 3 scrolls of blinking {unknown}
 o - a scroll of magic mapping {unknown}
 r - a scroll of identify
Potions
 d - 2 potions of curing
 e - a potion of resistance {unknown}
 k - 2 potions of ambrosia {unknown}
 l - a potion of cancellation {unknown}
 q - a potion of degeneration {unknown}
Comestibles
 c - 5 rations
 m - 2 chunks of flesh


   Skills:
 - Level 3.0 Fighting
 * Level 3.7 Long Blades
 + Level 3.2 Dodging
 - Level 1.7 Stealth
 + Level 0.1 Shields


You had 2 spell levels left.
You didn't know any spells.

Dungeon Overview and Level Annotations

Branches:
Dungeon (2/15)

Altars:


Innate Abilities, Weirdness & Mutations

When hurt, damage is shared between your health and your magic reserves.


Message History

Beogh smites you!
The rat moves out of view.
You barely miss the orc priest.
The orc priest is heavily wounded.
The orc priest hits you but does no damage.
Okay, then.
You hit the orc priest.
The orc priest is heavily wounded.
The orc priest hits you but does no damage.
You hit the orc priest.
The orc priest is almost dead.
The orc priest hits you but does no damage.
You hit the orc.
The orc is lightly wounded.
You block the orc's attack.
You completely miss the orc.
The orc is lightly wounded.
The orc priest calls down the wrath of Beogh upon you.
Beogh smites you!
Ouch! That really hurt!
You die...

#.#..........
#.#.#.#...###
#.....##.##
###.####.# #####.#
#..#
...####.....###.## #
..............†.#
#...######.######..#
#.oooo@...# #..#
########### ###..#
#....# #.##.#
###.##.## .........#
.. ####.##..####
#.... # #......
...... ##.....


You could see an orc priest and 3 orcs.

Vanquished Creatures
  An adder (D:2)
  An ooze (D:1)
  3 dart slugs
  4 bats
  A giant cockroach (D:1)
  7 goblins
  4 hobgoblins
  A kobold (D:2)
  2 quokkas (D:2)
  A ball python (D:1)
  2 frilled lizards (D:2)
  2 rats (D:1)
29 creatures vanquished.

Notes
Turn   | Place    | Note
-------+----------+-------------------------------------------
     0 | D:1      | RedPan the Demonspawn Monk began the quest for the Orb.
     0 | D:1      | Reached XP level 1. HP: 18/18 MP: 1/1
   134 | D:1      | Gained mutation: When hurt, damage is shared between your health and your magic reserves. [demonic ancestry]
   134 | D:1      | Reached XP level 2. HP: 24/24 MP: 2/2
   609 | D:2      | Reached XP level 3. HP: 20/29 MP: 3/3
  1209 | D:2      | Killed from afar by an orc priest

Vault maps used:
D:1:      dpeg_arrival_rooms_with_view, minmay_misc_feat_cross,
          lemuel_another_geyser
D:2:      first_ration

Skill      XL: |  1  2 |
---------------+-------+-----
Long Blades    | 3 |  3.7
Dodging        | 3 |  3.2
Fighting       | |  3.0
Stealth        | |  1.7
Shields        | |  0.1

Action                   || total
-------------------------++-------
Melee: Falchion          ||    71
  Use: Scroll            ||     5
 Stab: Sleeping          ||     1
  Eat: Chunk             ||     1
Armor: Ring mail         ||    16
       Robe              ||     1
Dodge: Dodged            ||    40
Block: Buckler           ||     5
       Rpst.: Falchion   ||    10

Table legend:
 A = Spawn XP
 B = Non-spawn XP
 C = Spawn XP percentage of total XP
 D = Spawn monster count
 E = Non-spawn monster count
 F = Spawn count percentage of total count
 G = Total turns spent on level
                    A         B        C        D         E        F      G
               +---------+---------+-------+---------+---------+-------+---------
         Total |       0 |      73 |   0.0 |       0 |      29 |   0.0 |  1209
               +---------+---------+-------+---------+---------+-------+---------
           D:1 |       0 |      33 |   0.0 |       0 |      15 |   0.0 |   588
           D:2 |       0 |      40 |   0.0 |       0 |      14 |   0.0 |   621
               +---------+---------+-------+---------+---------+-------+---------
